 Dungeon Crawl Stone Soup version bcrawl-1.12.2 (webtiles) character file.

Game seed: 12931741923843605782

14 Ebbett the Caller (level 2, 0/15 HPs)
             Began as an Avariel Summoner on July 23, 2019.
             Slain by a frilled lizard (2 damage)
             ... on level 1 of the Dungeon.
             The game lasted 00:04:02 (541 turns).

Ebbett the Caller (Avariel Summoner)                 Turns: 541, Time: 00:04:03

Health: 0/15       AC:  2    Str:  6    XL:     2   Next: 41%
Magic:  6/8        EV: 12    Int: 20    God:
Gold:   40         SH:  0    Dex: 13    Spells: 6/7 levels left

rFire    . . .     SeeInvis .   g - +0 spear
rCold    . . .     Gourm    .   (no shield)
rNeg     . . .     Faith    .   a - +0 robe
rPois    .         Spirit   .   (no helmet)
rElec    .         Reflect  .   (no cloak)
rCorr    .         Harm     .   (no gloves)
MR       .....                  (no boots)
Stlth    ++........             (no amulet)
HPRegen  0.05/turn              (no ring)
MPRegen  0.11/turn              (no ring)

@: no status effects
A: no striking features
a: no special abilities


You were on level 1 of the Dungeon.
You were not hungry.

You visited 1 branch of the dungeon, and saw 1 of its levels.

You collected 40 gold pieces.

Inventory:

Hand Weapons
 e - a +0 whip
 g - a +0 spear (weapon)
Missiles
 d - 47 tomahawks (quivered)
Armour
 a - a +0 robe (worn)
Scrolls
 b - a scroll of teleportation {unknown}
Comestibles
 c - a ration {!d}


   Skills:
 + Level 2.3 Dodging
 + Level 2.3 Stealth
 + Level 3.0 Spellcasting
 + Level 5.2 Summonings


You had 6 spell levels left.
You knew the following spells:

 Your Spells              Type           Power        Failure   Level  Hunger
a - Summon Small Mammal   Summ           ###.         1%          1    None

Your spell library contained the following spells:

 Spells                   Type           Power        Failure   Level  Hunger
 Call Imp                 Summ           ###.....     2%          2    ##.....
 Call Canine Familiar     Summ           ###.....     4%          3    ###....
 Summon Ice Beast         Ice/Summ       ##......     43%         4    ####...
 Summon Lightning Spire   Summ/Air       ##......     80%         5    ######.


Dungeon Overview and Level Annotations

Branches:
Dungeon (1/12)

Altars:
Beogh


Message History

The goblin dies!
The hobgoblin hits you.
* * * LOW HITPOINT WARNING * * *
Your quokka barely misses the kobold.
The frilled lizard bites you but does no damage.
Your bat misses the frilled lizard. Your quokka misses the kobold.
The kobold closely misses you.
Your bat barely misses the frilled lizard.
Your quokka bites the kobold but does no damage.
Your quokka bites the kobold.
The kobold hits your quokka but does no damage.
There is a stone staircase leading down here.
Your quokka bites the kobold.
The kobold dies!
Your quokka bites the hobgoblin.
The hobgoblin misses you. The frilled lizard barely misses you.
Your quokka barely misses the hobgoblin.
Your bat closely misses the frilled lizard.
The frilled lizard bites you.
You die...

........#.....# ####.......
........#.....#### #.......
............................
............................
............................
#.....)b..##### ...........
........)..# ########.#.
#.......rrl##############.##
#....####>g@................
#.... ####################
.... #####################
... #..#..#.##...#......#
... ##..##.##.##....#....
#..#..#.#...##...##..
#..##.###.##....#.#..
####.#...#..#...#....
##.######.#...#..##.#


You could see a hobgoblin, a frilled lizard, 2 friendly quokkas and a friendly
bat.

Vanquished Creatures
  A bat (D:1)
1 creature vanquished.

Vanquished Creatures (collateral kills)
  A dart slug (D:1)
  A leopard gecko (D:1)
  A bat (D:1)
  A giant cockroach (D:1)
  3 goblins (D:1)
  3 hobgoblins (D:1)
  2 kobolds (D:1)
  A ball python (D:1)
  A frilled lizard (D:1)
  3 rats (D:1)
17 creatures vanquished.

Grand Total: 18 creatures vanquished

Notes
Turn   | Place    | Note
-------+----------+-------------------------------------------
     0 | D:1      | Ebbett the Avariel Summoner began the quest for the Orb.
     0 | D:1      | Reached XP level 1. HP: 10/10 MP: 6/6
    94 | D:1      | Reached skill level 5 in Summonings
   187 | D:1      | Found a roughly hewn altar of Beogh.
   187 | D:1      | Noticed an orc wizard
   187 | D:1      | Noticed an orc warrior
   188 | D:1      | Noticed an orc wizard
   278 | D:1      | Reached XP level 2. HP: 12/15 MP: 5/7
   541 | D:1      | Slain by a frilled lizard

Skill      XL: |  1  2 |
---------------+-------+-----
Summonings     | 5 |  5.2
Spellcasting   | 3 |  3.0
Dodging        | |  2.3
Stealth        | |  2.3

Action                   || total
-------------------------++-------
Melee: Whip              ||     1
       Spear             ||     1
 Cast: Summon Small Mamm ||    27
Armor: Robe              ||     9
Dodge: Dodged            ||    28
